 Dungeon Crawl Stone Soup version 0.23-b1-6-ga921848b48 (webtiles) character file.

Game seed: 6856889624210491881

44 Oravi the Slasher (level 3, -3/32 HPs)
             Began as a Naga Warper on Feb 1, 2019.
             Slain by a goblin (4 damage)
             ... led by Robin
             ... on level 2 of the Dungeon.
             The game lasted 00:11:56 (1735 turns).

Oravi the Slasher (Naga Warper)                     Turns: 1735, Time: 00:11:56

Health: -3/32      AC:  2    Str: 12 (13) XL:     3   Next: 62%
Magic:  6/6        EV:  9    Int: 13 (14) God:
Gold:   70         SH:  0    Dex:  8 (10) Spells: 1/6 levels left

rFire    . . .     SeeInvis +   a - +0 falchion
rCold    . . .     Gourm    .   (no shield)
rNeg     . . .     Faith    .   b - +0 leather armour
rPois    +         Spirit   .   (no helmet)
rElec    .         Reflect  .   (no cloak)
rCorr    .         Harm     .   (no gloves)
MR       .....                  (no barding)
Stlth    +.........             (no amulet)
HPRegen  0.10/turn              (no ring)
MPRegen  0.10/turn              (no ring)

@: very slow
A: large, see invisible, deformed body, poison resistance, slowness 2, slow
metabolism 1, spit poison 1, AC +1
a: Spit Poison


You were on level 2 of the Dungeon.
You were not hungry.

You visited 1 branch of the dungeon, and saw 2 of its levels.

You collected 70 gold pieces.

Inventory:

Hand Weapons
 a - a +0 falchion (weapon)
Missiles
 e - 5 tomahawks of dispersal (quivered)
 i - 41 stones
 k - 53 sling bullets
 l - 4 tomahawks
Armour
 b - a +0 leather armour (worn)
Scrolls
 d - 2 scrolls of blinking
 q - a scroll of teleportation {unknown}
Potions
 h - 2 potions of brilliance
 p - a potion of degeneration
Comestibles
 f - 5 rations


   Skills:
 - Level 2.0 Fighting
 + Level 3.9 Long Blades
 - Level 0.8 Throwing
 - Level 0.7 Armour
 - Level 1.5 Dodging
 - Level 2.0 Spellcasting
 - Level 3.0 Translocations


You had one spell level left.
You knew the following spells:

 Your Spells              Type           Power        Failure   Level  Hunger
a - Blink                 Tloc           N/A          14%         2    ###....
b - Teleport Other        Tloc           #.......     28%         3    ####...

Your spell library contained the following spells:

 Spells                   Type           Power        Failure   Level  Hunger
 Magic Dart               Conj           #...         32%         1    ##.....
 Shroud of Golubria       Chrm/Tloc      #.........   26%         2    ###....
 Gell's Gravitas          Tloc           #.........   28%         3    ####...
 Lesser Beckoning         Tloc           #.........   28%         3    ####...
 Passage of Golubria      Tloc           N/A          67%         4    #####..


Dungeon Overview and Level Annotations

Branches:
Dungeon (2/15)

Altars:
Kikubaaqudgha
Sif Muna
Vehumet

Annotations:
D:2 Robin


Innate Abilities, Weirdness & Mutations

You cannot wear boots.
Your serpentine skin is tough. (AC +1)
You have supernaturally acute eyesight. (SInv)
Armour fits poorly on your strangely shaped body.
Your system is resistant to poisons. (rPois)
You cover ground very slowly.
You have a slow metabolism.
You can spit poison.


Message History

It was a potion of haste.
You feel yourself speed up. The goblin barely misses you.
The hobgoblin hits you but does no damage.
It was a potion of cancellation.
Your magical effects are unravelling.
You feel magically purged.
You feel yourself slow down. The goblin barely misses you. The goblin hits you.
* * * LOW HITPOINT WARNING * * *
It was a potion of magic.
Magic courses through your body. The hobgoblin barely misses you.
The goblin hits you with a +0 club.
* * * LOW HITPOINT WARNING * * *
The goblin hits you.
* * * LOW HITPOINT WARNING * * *
It was a potion of degeneration.
There was something very wrong with that liquid.
You feel weakened.
You feel dopey.
You feel clumsy. The hobgoblin barely misses you.
The goblin hits you but does no damage. The goblin hits you.
You die...

.............#.#.#
........#####....#
...8.............#
........)........#
........####.....#
........# #.###.# #
.>.....#####.###§### .#
..............§§gg§#####%#
...8..........§§@g§.......
....(
......#...########g...%#.
...#. #^....#.#.# #.....#
. # ......#.#.# #..g..#
#.##.##.#.# #=.%..#
#.#.....#.# #.....#
#.#######.# #..)g.#
#.........# #.....#
########### #####.#


You could see Robin, a hobgoblin and 2 goblins.

Vanquished Creatures
  A worm (D:2)
  2 leopard geckos (D:2)
  4 bats
  4 giant cockroaches
  3 hobgoblins (D:1)
  6 jackals (D:1)
  2 frilled lizards (D:1)
  8 goblins
  3 kobolds
  A rat (D:1)
34 creatures vanquished.

Notes
Turn   | Place    | Note
-------+----------+-------------------------------------------
     0 | D:1      | Oravi the Naga Warper began the quest for the Orb.
     0 | D:1      | Reached XP level 1. HP: 19/19 MP: 3/3
   313 | D:1      | Reached XP level 2. HP: 13/26 MP: 5/5
   921 | D:1      | Reached XP level 3. HP: 32/32 MP: 6/6
   925 | D:1      | Learned a level 2 spell: Blink
  1268 | D:1      | Learned a level 3 spell: Teleport Other
  1333 | D:2      | Found a radiant altar of Vehumet.
  1335 | D:2      | Identified Vehumet's Guide on Attacks
  1338 | D:2      | Found an ancient bone altar of Kikubaaqudgha.
  1339 | D:2      | Found a deep blue altar of Sif Muna.
  1715 | D:2      | Noticed Robin
  1734 | D:2      | HP: 1/32 [goblin[Robin] (1)]
  1735 | D:2      | Slain by a goblin

Skill      XL: |  1  2 |
---------------+-------+-----
Long Blades    | 3 |  3.9
Fighting       | |  2.0
Throwing       | |  0.8
Armour         | |  0.7
Dodging        | |  1.5
Spellcasting   | |  2.0
Translocations | |  3.0

Action                   || total
-------------------------++-------
Melee: Falchion          ||    55
 Abil: Spit Poison       ||    22
  Use: Potion            ||     4
       Scroll            ||     3
  Eat: Chunk             ||     3
Armor: Leather armour    ||    12
Dodge: Dodged            ||    40
       Rpst.: Falchion   ||    14
